 Dungeon Crawl Stone Soup version 0.31-a0-662-g684573625c (webtiles) character file.

Game seed: 3684984767751155196

28 sampeng1 the Ruffian (level 3, -1/23 HPs)
             Began as an Octopode Shapeshifter on Sept 1, 2023.
             Succumbed to an adder's poison
             ... on level 2 of the Dungeon.
             The game lasted 00:02:20 (1186 turns).

sampeng1 the Ruffian (Octopode Shapeshifter)        Turns: 1186, Time: 00:02:21

Health: -1/23      AC:  1    Str: 15    XL:     3   Next: 12%
Magic:  3/3        EV: 13    Int: 12    God:
Gold:   35         SH:  0    Dex: 11    Spells: 2/2 levels left

rFire   . .          .
                       - Unarmed
rCold   . . .        (no shield)
rNeg    . . .        (helmet currently unavailable)
rPois   .            (no amulet)
rElec   .            (no ring)
rCorr   .            (no ring)
SInv    .            (no ring)
Will    .....        (no ring)
Stlth   ++           (no ring)
HPRegen 0.23/turn    (no ring)
MPRegen 0.08/turn    (no ring)
                     (no ring)

%: no passive effects
@: lethally poisoned (-1 -> -8), beast-form
A: beast (slay +1), almost no armour, amphibious, 8 rings, camouflage 1,
gelatinous body 1, (nimble swimmer 1), tentacles
a: Begin Untransformation


You were on level 2 of the Dungeon.
You were a hulking beast.
You visited 1 branch of the dungeon, and saw 2 of its levels.

You collected 35 gold pieces.

Inventory:

Missiles
 d - 2 poisoned darts (quivered)
Talismans
 b - a beast talisman (active)
 c - a flux talisman
Scrolls
 f - a scroll of identify {unknown}
 g - a scroll of noise {unknown}
 h - a scroll of fear {unknown}
 i - a scroll of amnesia {unknown}
 j - a scroll of teleportation {unknown}
Potions
 a - a potion of lignification
 e - a potion of enlightenment {unknown}


   Skills:
 + Level 1.6 Fighting
 + Level 2.4 Dodging
 + Level 3.3 Unarmed Combat
 + Level 3.2 Shapeshifting


You had 2 spell levels left.
You didn't know any spells.
Your spell library contained the following spells:

 Spells                   Type           Power      Damage    Failure   Level
 Tukima's Dance           Hex            0%         N/A       69%         3
 Passage of Golubria      Tloc           0%         N/A       97%         4
 Yara's Violent Unravell  Hex/Tmut       0%         3d3       100%        5


Dungeon Overview and Level Annotations

Branches:
Dungeon (2/15)

Altars:


Innate Abilities, Weirdness & Mutations

You are a hulking beast.
Your limbs bulge with bestial killing power. (Slay +1)
You cannot wear most types of armour.
You are amphibious.
You can wear up to eight rings at the same time.
Your skin changes colour to match your surroundings (Stealth+).
Your rubbery body absorbs attacks. (AC +1, EV +1)
((You are camouflaged when in or above water. (Stealth+)))
You have tentacles for arms and can constrict up to eight enemies at once.


Message History

Your squeeze misses the adder.
The adder is heavily wounded.
The bat closely misses you. The bat hits you. The adder bites you.
You are poisoned.
The adder poisons you! The bat misses you.
You barely miss the adder. Your grab misses the adder.
The adder is heavily wounded.
You feel sick. The bat hits you. The adder barely misses you. The bat hits you.
The adder closely misses you.
You tentacle-slap the adder. Your grab misses the adder.
The adder is severely wounded.
You feel sick. The bat barely misses you. The bat hits you but does no damage.
The adder bites you.
You feel sick. The bat barely misses you. The adder closely misses you.
You tentacle-slap the bat.
You kill the bat!
You feel sick.
You are no longer poisoned.
The bat closely misses you. The adder misses you.
You closely miss the bat. Your grab misses the bat.
Your squeeze misses the bat. The bat closely misses you. The adder bites you.
You are poisoned.
The adder poisons you!
You tentacle-slap the bat. Your grab misses the bat.
The bat is severely wounded.
You feel sick. The bat hits you but does no damage.
The adder closely misses you. The adder bites you.
* * * LOW HITPOINT WARNING * * *
You are lethally poisoned!
The adder poisons you!
You barely miss the adder. You grab the adder.
The adder is severely wounded.
You constrict the adder, but do no damage.
* * * LOW HITPOINT WARNING * * *
You feel sick. The bat barely misses you. The adder bites you.
* * * LOW HITPOINT WARNING * * *
You barely miss the adder.
The adder is severely wounded.
You constrict the adder.
You die...

.# #.# #.# . #.# ..
####.# ...
#....###....
$##.####h...!......
.......b.S......r..
#......##...###...
###.##. #...# ..
#.##...# #
#......###.
...######..........
...................
#.##.###............


You could see an adder and a bat.

Vanquished Creatures
  3 bats
  4 endoplasms
  A goblin (D:1)
  4 hobgoblins (D:1)
  3 kobolds (D:1)
  2 quokkas
  3 ball pythons (D:1)
  A frilled lizard (D:1)
  A rat (D:1)
22 creatures vanquished.

Notes
Turn   | Place    | Note
-------+----------+-------------------------------------------
     0 | D:1      | sampeng1 the Octopode Shapeshifter began the quest for the
                  | Orb.
     0 | D:1      | Reached XP level 1. HP: 13/13 MP: 1/1
   158 | D:1      | Reached XP level 2. HP: 13/18 MP: 2/2
   817 | D:1      | Reached XP level 3. HP: 23/23 MP: 3/3
  1185 | D:2      | HP: 1/23 [adder (2)]
  1186 | D:2      | Succumbed to an adder's poison

Illustrated notes

Levels and vault maps discovered:
D:1:      psy_arrival_conway, layout_basic
D:2:      layout_basic, basic_ecumenical_altar

Action                     || total
---------------------------++-------
  Melee: Unarmed           ||    61
         Constrict         ||    13
         Tentacles         ||     7
   Stab: Sleeping          ||     6
 Armour: Skin              ||    33
  Dodge: Dodged            ||    50

Table legend: (Time is in decaauts)
 A = Elapsed time spent in this place.
 B = Non-inter-level travel time spent in this place.
 C = Inter-level travel time spent in this place.
 D = Time resting spent in this place.
 E = Time spent auto-exploring this place.
 F = Levels seen in this place.
 G = Mean time per level.
                   A        B        C        D        E       F      G
               +--------+--------+--------+--------+--------+-----+--------+
         Total |   1182 |   1142 |     40 |      0 |    896 |   2 |  591.0 |
       Dungeon |   1182 |   1142 |     40 |      0 |    896 |   2 |  591.0 |
               +--------+--------+--------+--------+--------+-----+--------+

Top non-repeatable levels by time:
     D:1: 1112 daAuts
     D:2: 69 daAuts
